AoeStats
← Topi-Petteri

Arabia

506128274Analyzed
1v1 RM · 19d ago on Sep 12, 2026· 62m 25s· 2 players
Game mode
Random Map
Map size
Tiny (2 player)
Population
200
Speed
Normal
Resources
Standard
Victory
Conquest
Starting age
Dark Age
Ending age
Imperial Age
RankedLock teamsTeams togetherTeam positionsShared explorationLock speedFull tech treeHidden civsTurbo modeCheats
Victory
Defeat
🇫🇮 Poles · Finland
708
+14
🇩🇪 Huns · Germany
673
-14
Aurelius
9:33 Feudal Age
26:56 Stone Mining
26:58 Gold Mining
29:33 Castle Age
28:36 Double-Bit Axe
28:33 Horse Collar
29:13 Scale Barding Armor
29:18 Forging
31:21 Husbandry
31:32 Bloodlines
32:01 Iron Casting
31:54 Bow Saw
33:03 Heavy Plow
33:53 Gold Shaft Mining
34:11 Wheelbarrow
37:17 Chain Barding Armor
37:34 Hand Cart
41:58 Imperial Age
39:16 Loom
39:46 Hand Cart
39:28 Loom
43:14 Plate Barding Armor
43:40 Blast Furnace
42:05 Cavalier
45:04 Conscription
46:31 Two-Man Saw
59:22 Paladin
Topi-Petteri
10:34 Feudal Age
10:56 Man-at-Arms
12:15 Loom
14:46 Scale Mail Armor
23:12 Castle Age
28:14 Wheelbarrow
27:49 Double-Bit Axe
28:47 Scale Barding Armor
28:52 Forging
29:31 Light Cavalry
32:17 Horse Collar
33:08 Bloodlines
33:39 Iron Casting
34:12 Chain Barding Armor
37:46 Hand Cart
41:45 Imperial Age
39:47 Town Watch
44:01 Blast Furnace
43:04 Husbandry
43:04 Fletching
43:15 Padded Archer Armor
43:30 Chain Mail Armor
42:39 Long Swordsman
42:41 Pikeman
43:21 Squires
43:07 Arson
44:07 Winged Hussar
44:10 Two-Handed Swordsman
46:35 Chemistry
45:05 Champion
45:28 Elite Obuch
46:32 Conscription
46:40 Bow Saw
50:02 Plate Mail Armor
53:32 Cavalier
60:06 Town Patrol
Connection lost

Rejoining the realm…

Still unreachable

The connection could not be restored.

Session expired

The server has moved on; the page needs a fresh start.